| TOP OF THE 1ST |
|
Elizabethton Twins batting - Pitching for Baltimore (APP) Orioles : RHP Clifton Stannard
|
|
Pitching: RHP Clifton Stannard
|
|
|
Batting: RHB Fhil Mikrakin
|
0-0: Ball 1-0: Ball 2-0: Fly out, F9 (Line Drive, 9D, EV 95.0 MPH)
|
|
Batting: RHB Josh Harmon
|
0-0: Foul Ball, location: 2F 0-1: Ball 1-1: Ball 2-1: Foul Ball, location: 2F 2-2: Strikes out swinging
|
|
Batting: LHB Bill Lorimer
|
0-0: Called Strike 0-1: Foul Ball, location: 2F 0-2: Ball 1-2: Foul Ball, location: 2F 1-2: Strikes out looking
|
| Top of the 1st over - 0 runs, 0 hits, 0 errors, 0 left on base; Elizabethton 0 - Baltimore (APP) 0 |
| BOTTOM OF THE 1ST |
|
Baltimore (APP) Orioles batting - Pitching for Elizabethton Twins : RHP Olegário Salsinha
|
|
Pitching: RHP Olegário Salsinha
|
|
|
Batting: SHB Eric Kelley
|
0-0: Ball 1-0: Ball 2-0: Ball 3-0: Called Strike 3-1: Swinging Strike 3-2: Fly out, F7 (Flyball, 7, EV 78.1 MPH)
|
|
Batting: RHB C.J. Wells
|
0-0: Ball 1-0: Called Strike 1-1: Foul Ball, location: 2F 1-2: Fly out, F7 (Flyball, 78M, EV 71.2 MPH)
|
|
Batting: LHB Jeremy Nuzzo
|
0-0: Ball 1-0: Ball 2-0: Ball 3-0: Called Strike 3-1: Foul Ball, location: 2F 3-2: Base on Balls
|
|
Batting: RHB Minoru Matsumoto
|
0-0: Called Strike 0-1: Ball 1-1: Ball 2-1: Called Strike 2-2: Strikes out looking
|
| Bottom of the 1st over - 0 runs, 0 hits, 0 errors, 1 left on base; Elizabethton 0 - Baltimore (APP) 0 |
| TOP OF THE 2ND |
|
Elizabethton Twins batting - Pitching for Baltimore (APP) Orioles : RHP Clifton Stannard
|
|
Batting: SHB Nadhir Umayr
|
0-0: Ball 1-0: Called Strike 1-1: Called Strike 1-2: Ball 2-2: Ball 3-2: Base on Balls
|
|
Batting: RHB Nestor Moreno
|
0-0: Ball 1-0: Ball Nadhir Umayr is caught stealing 2nd base 2-4 2-0: Swinging Strike 2-1: Foul Ball, location: 2F 2-2: Strikes out looking
|
|
Batting: SHB Rodrigo Mendoza
|
0-0: Fly out, F7 (Flyball, 78S, EV 83.8 MPH)
|
| Top of the 2nd over - 0 runs, 0 hits, 0 errors, 0 left on base; Elizabethton 0 - Baltimore (APP) 0 |
| BOTTOM OF THE 2ND |
|
Baltimore (APP) Orioles batting - Pitching for Elizabethton Twins : RHP Olegário Salsinha
|
|
Batting: LHB Chris Cohen
|
0-0: Called Strike 0-1: Ball 1-1: Ball 2-1: Swinging Strike 2-2: Ball 3-2: Strikes out swinging
|
|
Batting: RHB Ruben Domingues
|
0-0: Ball 1-0: Ground out U3 (Groundball, 34S, EV 83.1 MPH)
|
|
Batting: LHB Edwin Cabral
|
0-0: Ball 1-0: Foul Ball, location: 2F 1-1: Ball 2-1: Ground out 4-3 (Groundball, 4M, EV 86.2 MPH)
|
| Bottom of the 2nd over - 0 runs, 0 hits, 0 errors, 0 left on base; Elizabethton 0 - Baltimore (APP) 0 |
| TOP OF THE 3RD |
|
Elizabethton Twins batting - Pitching for Baltimore (APP) Orioles : RHP Clifton Stannard
|
|
Batting: RHB Wil Patterson
|
0-0: Ball 1-0: Foul Ball, location: 2F 1-1: Ball 2-1: Ball 3-1: Base on Balls
|
|
Batting: SHB Ed Mosqueda
|
0-0: Called Strike 0-1: Foul Ball, location: 2F 0-2: Foul Ball, location: 2F 0-2: Strikes out swinging
|
|
Batting: LHB Joey Zamora
|
0-0: Foul Ball, location: 2F 0-1: Ball 1-1: Ball 2-1: Swinging Strike 2-2: Strikes out swinging
|
|
Batting: RHB Fhil Mikrakin
|
0-0: Ball 1-0: Ball 2-0: Called Strike 2-1: Fly out, F8 (Flyball, 8RD, EV 108.8 MPH)
|
| Top of the 3rd over - 0 runs, 0 hits, 0 errors, 1 left on base; Elizabethton 0 - Baltimore (APP) 0 |
| BOTTOM OF THE 3RD |
|
Baltimore (APP) Orioles batting - Pitching for Elizabethton Twins : RHP Olegário Salsinha
|
|
Batting: LHB Ivan Alvarez
|
0-0: Ball 1-0: SINGLE (Groundball, 4D, EV 110.6 MPH)
|
|
Batting: RHB Imbart van Rens
|
0-0: Called Strike 0-1: Ball Ivan Alvarez is caught stealing 2nd base 2-4 1-1: Foul Ball, location: 2F 1-2: Strikes out swinging
|
|
Batting: SHB Eric Kelley
|
0-0: Called Strike 0-1: Called Strike 0-2: Reached on error, E5 (Groundball, 5, EV 86.2 MPH)
|
|
Batting: RHB C.J. Wells
|
0-0: Swinging Strike 0-1: DOUBLE (Line Drive, 5D, EV 105.0 MPH) Eric Kelley scores
|
|
Batting: LHB Jeremy Nuzzo
|
0-0: Foul Ball, location: 2F 0-1: Hit by Pitch
|
|
Batting: RHB Minoru Matsumoto
|
0-0: Ball 1-0: Called Strike 1-1: Fielders Choice at 2nd, 6-4 (Groundball, 6, EV 84.4 MPH)
|
| Bottom of the 3rd over - 1 run, 2 hits, 1 error, 2 left on base; Elizabethton 0 - Baltimore (APP) 1 |
| TOP OF THE 4TH |
|
Elizabethton Twins batting - Pitching for Baltimore (APP) Orioles : RHP Clifton Stannard
|
|
Batting: RHB Josh Harmon
|
0-0: Called Strike 0-1: Ball 1-1: Swinging Strike 1-2: Foul Ball, location: 2F 1-2: Ball 2-2: Foul Ball, location: 2F 2-2: Strikes out swinging, 2-3 out at first.
|
|
Batting: LHB Bill Lorimer
|
0-0: Swinging Strike 0-1: Ball 1-1: DOUBLE (Flyball, 7LD, EV 97.5 MPH)
|
|
Batting: SHB Nadhir Umayr
|
0-0: Ground out 4-3 (Groundball, 4M, EV 83.1 MPH) Bill Lorimer to third
|
|
Batting: RHB Nestor Moreno
|
0-0: Foul Ball, location: 2F 0-1: Ball 1-1: Swinging Strike 1-2: Foul Ball, location: 2F 1-2: Ball 2-2: Foul Ball, location: 2F 2-2: Strikes out swinging
|
| Top of the 4th over - 0 runs, 1 hit, 0 errors, 1 left on base; Elizabethton 0 - Baltimore (APP) 1 |
| BOTTOM OF THE 4TH |
|
Baltimore (APP) Orioles batting - Pitching for Elizabethton Twins : RHP Olegário Salsinha
|
|
Batting: LHB Chris Cohen
|
0-0: Called Strike 0-1: Hit by Pitch
|
|
Batting: RHB Ruben Domingues
|
0-0: Ball 1-0: Foul Ball, location: 2F 1-1: Swinging Strike 1-2: Strikes out swinging
|
|
Batting: LHB Edwin Cabral
|
0-0: DOUBLE (Line Drive, 9LM, EV 105.6 MPH) Chris Cohen to third Runner from 3rd tries for Home, SAFE, throw by RF to home
|
|
Batting: LHB Ivan Alvarez
|
0-0: Called Strike 0-1: Ball 1-1: Foul Ball, location: 2F 1-2: Strikes out swinging
|
|
Batting: RHB Imbart van Rens
|
0-0: Ball Wild Pitch! Edwin Cabral to third 1-0: Ground out 6-3 (Groundball, 6, EV 103.8 MPH)
|
| Bottom of the 4th over - 1 run, 1 hit, 0 errors, 1 left on base; Elizabethton 0 - Baltimore (APP) 2 |
| TOP OF THE 5TH |
|
Elizabethton Twins batting - Pitching for Baltimore (APP) Orioles : RHP Clifton Stannard
|
|
Batting: SHB Rodrigo Mendoza
|
0-0: Swinging Strike 0-1: Swinging Strike 0-2: Strikes out swinging
|
|
Batting: RHB Wil Patterson
|
0-0: Foul Ball, location: 2F 0-1: Called Strike 0-2: Ball 1-2: Ground out 4-3 (Groundball, 4, EV 83.1 MPH)
|
|
Batting: SHB Ed Mosqueda
|
0-0: Ground out 4-3 (Groundball, 34D, EV 103.1 MPH)
|
| Top of the 5th over - 0 runs, 0 hits, 0 errors, 0 left on base; Elizabethton 0 - Baltimore (APP) 2 |
| BOTTOM OF THE 5TH |
|
Baltimore (APP) Orioles batting - Pitching for Elizabethton Twins : RHP Olegário Salsinha
|
|
Batting: SHB Eric Kelley
|
0-0: Ball 1-0: Fly out, F8 (Flyball, 8RM, EV 92.5 MPH)
|
|
Batting: RHB C.J. Wells
|
0-0: Called Strike 0-1: Foul Ball, location: 2F 0-2: Fly out, F8 (Flyball, 8RXD, EV 103.8 MPH)
|
|
Batting: LHB Jeremy Nuzzo
|
0-0: Ball 1-0: Ball 2-0: Ball 3-0: Base on Balls
|
|
Batting: RHB Minoru Matsumoto
|
0-0: Ball 1-0: Foul Ball, location: 2F 1-1: Ball 2-1: Ball 3-1: Base on Balls Jeremy Nuzzo to second
|
|
Pitching: LHP Mike Horton
|
|
|
Batting: LHB Chris Cohen
|
0-0: Ball 1-0: Ball 2-0: Ball 3-0: Base on Balls Jeremy Nuzzo to third Minoru Matsumoto to second
|
|
Batting: RHB Ruben Domingues
|
0-0: Ball 1-0: Fly out, F3 (Popup, 3F, EV 78.8 MPH)
|
| Bottom of the 5th over - 0 runs, 0 hits, 0 errors, 3 left on base; Elizabethton 0 - Baltimore (APP) 2 |
| TOP OF THE 6TH |
|
Elizabethton Twins batting - Pitching for Baltimore (APP) Orioles : RHP Clifton Stannard
|
|
Batting: LHB Joey Zamora
|
0-0: Called Strike 0-1: Foul Ball, location: 2F 0-2: Strikes out swinging
|
|
Batting: RHB Fhil Mikrakin
|
0-0: Foul Ball, location: 2F 0-1: Ball 1-1: Called Strike 1-2: Foul Ball, location: 2F 1-2: SINGLE (Groundball, 34D, EV 100.0 MPH)
|
|
Batting: RHB Josh Harmon
|
0-0: Ball Fhil Mikrakin steals 2nd base 1-0: Called Strike 1-1: Called Strike 1-2: Ball 2-2: Fly out, F7 (Flyball, 78D, EV 82.5 MPH)
|
|
Batting: LHB Bill Lorimer
|
0-0: Reached on error, E4 (Groundball, 4, EV 78.1 MPH) Fhil Mikrakin scores
|
|
Batting: SHB Nadhir Umayr
|
0-0: Ball 1-0: Foul Ball, location: 2F Balk! Bill Lorimer to third 1-1: Ball 2-1: Foul Ball, location: 2F 2-2: Foul Ball, location: 2F 2-2: Ball 3-2: Foul Ball, location: 2F 3-2: Ground out 4-3 (Groundball, 4D, EV 109.4 MPH)
|
| Top of the 6th over - 1 run, 1 hit, 1 error, 1 left on base; Elizabethton 1 - Baltimore (APP) 2 |
| BOTTOM OF THE 6TH |
|
Baltimore (APP) Orioles batting - Pitching for Elizabethton Twins : LHP Mike Horton
|
|
Batting: LHB Edwin Cabral
|
0-0: Called Strike 0-1: Foul Ball, location: 2F 0-2: DOUBLE (Line Drive, 78D, EV 110.0 MPH)
|
|
Batting: LHB Ivan Alvarez
|
0-0: Called Strike 0-1: DOUBLE (Line Drive, 78D, EV 113.1 MPH) Edwin Cabral scores
|
|
Batting: RHB Imbart van Rens
|
0-0: Ground out 1-3 (Groundball, 15S, EV 66.2 MPH)
|
|
Batting: SHB Eric Kelley
|
0-0: Foul Ball, location: 2F 0-1: Ball 1-1: Ball 2-1: Ball 3-1: Base on Balls
|
|
Batting: RHB C.J. Wells
|
0-0: Called Strike 0-1: Called Strike 0-2: Ball 1-2: Ball 2-2: Strikes out swinging
|
|
Pitching: RHP Miguel Montelongo
|
|
|
Batting: LHB Jeremy Nuzzo
|
0-0: Called Strike 0-1: Called Strike 0-2: Ball 1-2: Ball 2-2: Fly out, F8 (Line Drive, 8LD, EV 93.8 MPH)
|
| Bottom of the 6th over - 1 run, 2 hits, 0 errors, 2 left on base; Elizabethton 1 - Baltimore (APP) 3 |
| TOP OF THE 7TH |
|
Elizabethton Twins batting - Pitching for Baltimore (APP) Orioles : RHP Clifton Stannard
|
|
Pinch Hitting: LHB Diego Gutierres
|
0-0: Called Strike 0-1: Foul Ball, location: 2F 0-2: Foul Ball, location: 2F 0-2: Ground out 5-3 (Groundball, 56, EV 98.8 MPH)
|
|
Pitching: RHP Zhao-jun Zong
|
|
|
Batting: SHB Rodrigo Mendoza
|
0-0: Ball 1-0: Called Strike 1-1: Swinging Strike 1-2: Ball 2-2: Foul Ball, location: 2F 2-2: Strikes out swinging
|
|
Batting: RHB Wil Patterson
|
0-0: Swinging Strike 0-1: Ground out 6-3 (Groundball, 6, EV 85.0 MPH)
|
| Top of the 7th over - 0 runs, 0 hits, 0 errors, 0 left on base; Elizabethton 1 - Baltimore (APP) 3 |
| BOTTOM OF THE 7TH |
|
Baltimore (APP) Orioles batting - Pitching for Elizabethton Twins : RHP Miguel Montelongo
|
|
Now in CF: Raul Aldaz
|
|
|
Batting: RHB Minoru Matsumoto
|
0-0: Ball 1-0: Called Strike 1-1: Ball 2-1: Ball 3-1: Base on Balls
|
|
Batting: LHB Chris Cohen
|
0-0: Foul Ball, location: 2F 0-1: Foul Ball, location: 2F 0-2: Ball Wild Pitch! Minoru Matsumoto to second 1-2: Ball 2-2: 2-RUN HOME RUN (Flyball, 89XD, EV 107.5 MPH), Distance : 427 ft
|
|
Batting: RHB Ruben Domingues
|
0-0: Called Strike 0-1: Foul Ball, location: 2F 0-2: Strikes out swinging
|
|
Batting: LHB Edwin Cabral
|
0-0: Ball 1-0: Fly out, F7 (Flyball, 78S, EV 72.5 MPH)
|
|
Pitching: RHP Takeshi Kusanagi
|
|
|
Batting: LHB Ivan Alvarez
|
0-0: Ball 1-0: Ground out 4-3 (Groundball, 34D, EV 107.5 MPH)
|
| Bottom of the 7th over - 2 runs, 1 hit, 0 errors, 0 left on base; Elizabethton 1 - Baltimore (APP) 5 |
| TOP OF THE 8TH |
|
Elizabethton Twins batting - Pitching for Baltimore (APP) Orioles : RHP Zhao-jun Zong
|
|
Batting: SHB Ed Mosqueda
|
0-0: Ball 1-0: Called Strike 1-1: Swinging Strike 1-2: DOUBLE (Line Drive, 9LM, EV 112.5 MPH)
|
|
Batting: LHB Joey Zamora
|
0-0: Called Strike 0-1: Ball Passed Ball! Ed Mosqueda to third 1-1: Foul Ball, location: 2F 1-2: Foul Ball, location: 2F 1-2: Strikes out swinging
|
|
Batting: RHB Fhil Mikrakin
|
0-0: Ball 1-0: Ball 2-0: Ball 3-0: Called Strike 3-1: Ground out 4-3 (Groundball, 4, EV 103.8 MPH) Ed Mosqueda scores
|
|
Batting: RHB Josh Harmon
|
0-0: Ball 1-0: Swinging Strike 1-1: Ball 2-1: Ball 3-1: Swinging Strike 3-2: Strikes out looking
|
| Top of the 8th over - 1 run, 1 hit, 0 errors, 0 left on base; Elizabethton 2 - Baltimore (APP) 5 |
| BOTTOM OF THE 8TH |
|
Baltimore (APP) Orioles batting - Pitching for Elizabethton Twins : RHP Takeshi Kusanagi
|
|
Batting: RHB Imbart van Rens
|
0-0: SINGLE (Line Drive, 4D, EV 96.9 MPH)
|
|
Batting: SHB Eric Kelley
|
0-0: Ball 1-0: Called Strike 1-1: Fly out, F8 (Flyball, 8RXD, EV 84.4 MPH)
|
|
Batting: RHB C.J. Wells
|
0-0: Ball 1-0: Called Strike 1-1: Foul Ball, location: 2F 1-2: Strikes out looking
|
|
Batting: LHB Jeremy Nuzzo
|
0-0: Called Strike 0-1: Foul Ball, location: 2F 0-2: Ball 1-2: Ball 2-2: Foul Ball, location: 2F 2-2: SINGLE (Groundball, 34, EV 97.5 MPH) Imbart van Rens to second Runner from 2nd tries for 3rd, SAFE, throw by RF made to third
|
|
Batting: RHB Minoru Matsumoto
|
0-0: Called Strike 0-1: Called Strike 0-2: Ball 1-2: Ball 2-2: Fly out, F2 (Popup, 2LF, EV 91.9 MPH)
|
| Bottom of the 8th over - 0 runs, 2 hits, 0 errors, 2 left on base; Elizabethton 2 - Baltimore (APP) 5 |
| TOP OF THE 9TH |
|
Elizabethton Twins batting - Pitching for Baltimore (APP) Orioles : RHP Zhao-jun Zong
|
|
Pitching: RHP Rod Najera
|
|
|
Batting: LHB Bill Lorimer
|
0-0: Ball 1-0: Ball 2-0: Ball 3-0: Called Strike 3-1: Foul Ball, location: 2F 3-2: Strikes out swinging
|
|
Batting: SHB Nadhir Umayr
|
0-0: Ball 1-0: Called Strike 1-1: Foul Ball, location: 2F 1-2: Foul Ball, location: 2F 1-2: Ball 2-2: Ball 3-2: Foul Ball, location: 2F 3-2: Base on Balls
|
|
Pinch Hitting: RHB Ryan Starks
|
0-0: Ball 1-0: Swinging Strike 1-1: Foul Ball, location: 2F 1-2: Foul Ball, location: 2F 1-2: Strikes out swinging
|
|
Batting: SHB Rodrigo Mendoza
|
0-0: Called Strike 0-1: Called Strike 0-2: Foul Ball, location: 2F 0-2: Ball 1-2: Strikes out looking
|
| Top of the 9th over - 0 runs, 0 hits, 0 errors, 1 left on base; Elizabethton 2 - Baltimore (APP) 5 |
|